plato, lawful male human Monk ---- ---- --..-- |..>--|.... ------- ------ .....|...-- --.`...--- |.--.---- ........| |...fc..... |*......--- .......--- ----...@..- ---.......| ........| |......---- ---.....| -.......--- |......| |...--- --.........| --..^..-- --..| |..........-- |....*.| ----------.-- --...........--- --....-- |.....--...| --..............| --..-- |..........-- |...............-- |..-- ---.|....--%----...--...----....| --..| --- ----.............||-.-- |....-- --..---..| --...........<--.)-----.....-----........| |.---.|........).......)...............-- --- |--.|.........-----....-----.......| |...|--.......| --..-- --.|...-- |..-- --..|.--- ---- ------- ---- ------ plato the Initiate Experience level: 7 Strength: 16 Dexterity: 16 Constitution: 16 Intelligence: 7 Wisdom: 12 Charisma: 9 Health: 47(50) Energy: 34(40) Def: 6 Gold: 163 Moves: 2303 Dungeon seed: 7NIZxP56hXB0LsgO Game ID: plato_1550950400 Your Inventory: Coins $ - 163 gold pieces Armor e - an uncursed +2 pair of leather gloves (being worn) n - an uncursed +1 robe (being worn) Comestibles d - 4 uncursed apples f - 2 uncursed food rations g - 5 uncursed oranges h - 2 uncursed fortune cookies F - an uncursed tripe ration Scrolls b - an uncursed scroll of gold detection x - a blessed scroll of teleportation B - an uncursed scroll of identify G - an uncursed scroll of light Spellbooks a - a blessed spellbook of healing i - an uncursed spellbook of force bolt I - an uncursed spellbook of invisibility Potions c - 3 uncursed potions of healing H - an uncursed potion of gain ability Wands l - a wand of teleportation (0:5) p - a wand of magic missile (0:0) Tools k - an uncursed skeleton key s - 6 blessed tallow candles (0:200) u - a blessed partly used wax candle (0:38) w - an uncursed leash A - an uncursed skeleton key E - 3 uncursed tallow candles (0:200) Gems q - 2 uncursed worthless pieces of white glass r - 2 uncursed worthless pieces of violet glass y - an uncursed worthless piece of red glass z - an uncursed worthless piece of yellowish brown glass C - an uncursed worthless piece of orange glass N - an uncursed worthless piece of green glass Y - an uncursed worthless piece of yellow glass Spells and supernatural/magical abilities: Name Level Category Fail Memory h - healing 1 healing 0% 89% W - pray for help -- divine ? -- Your skills at the end: Fighting Skills martial arts [Basic] Weapon Skills Spellcasting Skills healing spells [Basic] Final Attributes: You were piously aligned. You were sleep resistant. You were poison resistant. You saw invisible. You were warned. You were stealthy. You were unlucky. Shan Lai Ching was angry with you. You are dead. Vanquished creatures: a giant mimic 5 gnome kings an orc mummy a brown pudding an ape 4 human zombies 9 Uruk-hai 5 gnome lords 4 gnomish wizards a barrow wight a little dog 3 dwarves 2 rothes a giant bat 4 monkeys 2 killer bees 2 acid blobs a coyote a hobbit 6 manes a large kobold 36 gnomes a gecko 4 jackals a kobold 3 goblins a sewer rat 2 grid bugs 3 lichens a kobold zombie 5 newts 113 creatures vanquished. Voluntary challenges: You followed a strict vegan diet. You never hit with a wielded weapon. You read items or engraved 2 times, starting on turn 525. You never genocided any monsters. You never polymorphed an object. You never changed form. You used no wishes. You never split a pudding. You wrote Elbereth's name 1 time, starting on turn 633. You never violated your personal moral code. Dungeon overview: The Dungeons of Doom: levels 1 to 3 Level 1 a fountain a long staircase Level 2 a fountain Level 3 an altar to Huan Ti, a fountain stairs to The Gnomish Mines The Gnomish Mines: levels 4 to 9 Level 4 stairs to The Dungeons of Doom Level 5 Level 6 Level 7 many shops, a temple to Chih Sung-tzu, some fountains, a sink Level 8 Level 9 <- You were here History has recorded: On T:1 you entered the Dungeons of Doom to retrieve the Amulet of Yendor! On T:111 you reached level 2 of The Dungeons of Doom. On T:326 you reached level 3 of The Dungeons of Doom. On T:415 you reached level 1 of The Gnomish Mines. On T:419 you advanced to experience level 2. On T:588 you advanced to experience level 3. On T:688 you advanced to experience level 4. On T:953 you reached level 2 of The Gnomish Mines. On T:1044 you advanced to experience level 5. On T:1249 you reached level 3 of The Gnomish Mines. On T:1340 you advanced to experience level 6. On T:1564 you reached level 4 of The Gnomish Mines. On T:1691 you advanced to experience level 7. On T:1870 you reached level 5 of The Gnomish Mines. On T:2174 you reached level 6 of The Gnomish Mines. Score breakdown: Gold: 163 ( 7534 points) Experience: 7 levels (13645 points) Exploration: 9 levels ( 18.00%) (12121 points) Discoveries: 4 items ( 1.43%) ( 3585 points) Valuables value: (no points given unless you survive) Artifact value: 0 ( 0 points) Variety of kills: 31 monsters ( 8.14%) ( 8557 points) Turncount: 2303 turns ( -209 points) Survival: died (score multiplied by 80%) Total score: 36186 Latest messages: Suddenly, the dwarf disappears out of sight. Doofie eats a gnome corpse. Please move the cursor to an unknown object. A chickatrice on the floor of a room. Please move the cursor to an unknown object. A chickatrice on the floor of a room. The chickatrice bites! The chickatrice touches you! You hear the chickatrice's hissing! You are slowing down. You begin praying to Shan Lai Ching. Your limbs are stiffening. Your limbs have turned to stone. You feel that Shan Lai Ching is displeased. The chickatrice bites! The chickatrice touches you! You hear the chickatrice's hissing! You have turned to stone. You are a statue. Final status: Goodbye plato the Monk, petrified by a chickatrice, while unable to move due to turning to stone... You turned to stone in The Gnomish Mines on dungeon level 9 with 36186 points, and 163 pieces of gold, after 2303 moves. You were level 7 with a maximum of 50 hit points when you turned to stone.